 Dungeon Crawl Stone Soup version 0.21-a0-634-gaf8bc5d (console) character file.

1111 toffzen the Poker (level 8, -5/73 HPs)
             Began as a Naga Berserker on Dec 29, 2017.
             Was a Believer of Trog.
             Slain by a wight
             ... wielding a cursed +5 halberd
              (9 damage)
             ... on level 6 of the Dungeon.
             The game lasted 00:16:49 (5995 turns).

toffzen the Poker (Naga Berserker)                  Turns: 5995, Time: 00:16:49

Health: -5/73      AC:  7    Str: 19 (20) XL:     8   Next: 33%
Magic:  8/8        EV:  7    Int:  7 (8)  God:    Trog [**....]
Gold:   229        SH:  3    Dex: 13 (15) Spells: 7/7 levels left

rFire    . . .     SeeInvis +   a - +1 spear
rCold    . . .     Gourm    .   A - +0 buckler (curse)
rNeg     . . .     Faith    .   q - +0 scale mail
rPois    +         Spirit   .   v - +0 helmet
rElec    .         Reflect  .   (no cloak)
rCorr    .         Harm     .   (no gloves)
MR       +....     Rnd*Tele +   (no barding)
Stlth    ..........             (no amulet)
HPRegen  0.22/turn              w - ring of teleportation (curse)
MPRegen  0.11/turn              n - +3 ring of dexterity (curse)

@: about to teleport, berserk cooldown, slowed, heavily drained, very slow
A: large, see invisible, deformed body, poison resistance, slowness 2, slow
metabolism 1, spit poison 1, AC +2
a: Spit Poison, Berserk, Trog's Hand, Burn Spellbooks, Renounce Religion


You were on level 6 of the Dungeon.
You worshipped Trog.
Trog was pleased with you.
You were not hungry.

You visited 1 branch of the dungeon, and saw 6 of its levels.

You collected 229 gold pieces.

Inventory:

Hand Weapons
 a - a +1 spear (weapon)
Missiles
 h - 115 stones (quivered)
 m - 6 poisoned needles
Armour
 k - a +0 ring mail
 q - a +0 scale mail (worn)
 v - a +0 helmet (worn)
 A - a cursed +0 buckler (worn)
Jewellery
 f - an uncursed ring of protection from magic
 i - an uncursed ring of protection from magic
 n - a cursed +3 ring of dexterity (right hand)
 w - a cursed ring of teleportation (left hand)
Wands
 b - a wand of digging (15)
Scrolls
 d - 3 scrolls of teleportation
 r - a scroll of immolation
 u - a scroll of enchant weapon
Potions
 e - 2 potions of degeneration
 g - 2 potions of might {unknown}
 l - a potion of agility {unknown}
 o - 2 potions of curing
 s - a potion of haste {unknown}
 x - 2 potions of magic {unknown}
Comestibles
 c - 6 rations


   Skills:
 + Level 4.9(2.8) Fighting
 * Level 6.4(4.2) Polearms
 + Level 3.5(1.5) Armour
 + Level 3.5(1.4) Dodging
 + Level 2.6(0.7) Shields


You had 7 spell levels left.
You didn't know any spells.

Dungeon Overview and Level Annotations

Branches:
Dungeon (6/15)             Temple (0/1) D:4

Altars:
Qazlal
Wu Jian

Shops:
D:5 =


Innate Abilities, Weirdness & Mutations

You cannot wear boots.
Your serpentine skin is tough. (AC +2)
You have supernaturally acute eyesight. (SInv)
Armour fits poorly on your strangely shaped body.
Your system is resistant to poisons. (rPois)
You cover ground very slowly.
You have a slow metabolism.
You can spit poison.


Message History

The wight barely misses you.
You feel better. You block the wight's attack.
The wight hits you with a dagger.
* * * LOW HITPOINT WARNING * * *
A hound comes into view.
The hound barks!
The hound pauses to sniff the ground.
The wight hits you but does no damage. x2
You feel better. The wight hits you with a dagger.
* * * LOW HITPOINT WARNING * * *
You feel drained.
The wight hits you from afar with an enchanted halberd!
* * * LOW HITPOINT WARNING * * *
You feel drained.
* * * LOW HITPOINT WARNING * * *
As you read the scroll of teleportation, it crumbles to dust.
You feel strangely unstable. The wight hits you with a dagger.
* * * LOW HITPOINT WARNING * * *
The wight hits you from afar with an enchanted halberd!
You die...

#######
#.....#
#.###.#
#.#<#.#
#.#...#
#.##### #.#
#.#########
#..@zz.....
#####h.####
.# .. .# #


You could see a hound and 2 wights.

Vanquished Creatures
  The ghost of DEFE the Vexing, a novice DEAM of Ashenzari (D:5)
  A necrophage (D:5)
  An ogre (D:4)
  2 scorpions
  3 wights (D:6)
  2 jellies (D:5)
  A hound (D:4)
  An iguana (D:4)
  7 orc wizards
  2 worker ants
  A hound skeleton (D:4)
  4 adders
  3 worms
  2 dart slugs
  3 leopard geckos
  17 orcs
  4 giant cockroaches
  7 goblins
  4 hobgoblins
  5 jackals (D:1)
  6 kobolds
  A quokka (D:4)
  5 bats
  4 frilled lizards
  6 rats
93 creatures vanquished.

Notes
Turn   | Place    | Note
-------+----------+-------------------------------------------
     0 | D:1      | toffzen the Naga Berserker began the quest for the Orb.
     0 | D:1      | Reached XP level 1. HP: 21/21 MP: 1/1
   203 | D:1      | Reached XP level 2. HP: 20/28 MP: 2/2
   849 | D:1      | Reached ** piety under Trog
   849 | D:1      | Reached XP level 3. HP: 19/34 MP: 3/3
  2045 | D:2      | Reached XP level 4. HP: 30/42 MP: 4/4
  2369 | D:3      | Reached skill level 4 in Polearms
  2676 | D:3      | Found a stormy altar of Qazlal.
  2824 | D:3      | Reached XP level 5. HP: 49/49 MP: 5/5
  3576 | D:4      | Found an ornate altar of the Wu Jian Council.
  3585 | D:4      | Found a staircase to the Ecumenical Temple.
  3652 | D:4      | Reached skill level 1 in Shields
  4095 | D:4      | Reached XP level 6. HP: 57/57 MP: 6/6
  4225 | D:4      | Reached skill level 5 in Polearms
  4532 | D:4      | Reached XP level 7. HP: 64/64 MP: 7/7
  4714 | D:5      | Entered Level 5 of the Dungeon
  4722 | D:5      | Noticed DEFE's ghost (novice DEAM)
  4737 | D:5      | Killed DEFE's ghost
  4996 | D:5      | Reached skill level 6 in Polearms
  4996 | D:5      | Reached XP level 8. HP: 60/70 MP: 8/8
  5625 | D:5      | Found Geocolib's Jewellery Boutique.
  5995 | D:6      | Slain by a wight

Vault maps used:
D:1:      sevenhm_arrival_forest_fort_large_2
D:3:      lemuel_crystal_altar
D:4:      nicolae_overflow_crystal_walls, minmay_temple_entry_overgrown
D:5:      first_ration, serial_shops, shop
D:6:      amethyst_overflow_temple_binary, uniq_blork_the_orc

Skill      XL: |  1  2  3  4  5  6  7 |
---------------+----------------------+-----
Dodging        | 2 3 |  3.5
Armour         | 2 3 |  3.5
Polearms       | 4 5 6 |  6.4
Shields        | 1 2 |  2.6
Fighting       | 4 |  4.9

Action                   |  1- 3 |  4- 6 |  7- 9 || total
-------------------------+-------+-------+-------++-------
Melee: Spear             |   141 |   169 |   155 ||   465
Throw: Stone             |     2 |     3 |       ||     5
Invok: Berserk           |     2 |     6 |     2 ||    10
       Burn Spellbooks   |       |     1 |       ||     1
  Use: Scroll            |       |       |     8 ||     8
       Potion            |       |       |     3 ||     3
  Eat: Chunk             |     4 |     8 |     1 ||    13
       Ration            |       |     1 |     2 ||     3
Armor: Animal skin       |     8 |       |       ||     8
       Ring mail         |    25 |       |       ||    25
       Scale mail        |     3 |    30 |    38 ||    71
Dodge: Dodged            |    53 |    40 |    33 ||   126
Block: Buckler           |       |    15 |    11 ||    26

Table legend:
 A = Spawn XP
 B = Non-spawn XP
 C = Spawn XP percentage of total XP
 D = Spawn monster count
 E = Non-spawn monster count
 F = Spawn count percentage of total count
 G = Total turns spent on level
                    A         B        C        D         E        F      G
               +---------+---------+-------+---------+---------+-------+---------
         Total |       0 |    1588 |   0.0 |       0 |      93 |   0.0 |  5995
               +---------+---------+-------+---------+---------+-------+---------
           D:1 |       0 |      55 |   0.0 |       0 |      31 |   0.0 |  1814
           D:2 |       0 |      43 |   0.0 |       0 |       8 |   0.0 |   527
           D:3 |       0 |     127 |   0.0 |       0 |      19 |   0.0 |  1010
           D:4 |       0 |     440 |   0.0 |       0 |      18 |   0.0 |  1395
           D:5 |       0 |     751 |   0.0 |       0 |      14 |   0.0 |  1190
           D:6 |       0 |     172 |   0.0 |       0 |       3 |   0.0 |    59
               +---------+---------+-------+---------+---------+-------+---------
